 Dungeon Crawl Stone Soup version 0.17-a0-1996-gd2c0ec8 (webtiles) character file.

852 4thArraOfDagon the Basher (level 8, -3/83 HPs)
             Began as an Ogre Fire Elementalist on Oct 7, 2015.
             Was a Believer of Cheibriados.
             Slain by a black bear (11 damage)
             ... on level 6 of the Dungeon.
             The game lasted 00:17:00 (2917 turns).

4thArraOfDagon the Basher (Ogre Fire Elementalist)  Turns: 2917, Time: 00:17:01

Health: -3/83      AC:  3    Str: 20    XL:     8   Next: 1%
Magic:  2/14       EV: 10    Int: 22    God:    Cheibriados [**....]
Gold:   131        SH:  0    Dex: 16    Spells: 3 memorised, 7 levels left

rFire  . . .     SeeInvis .     t - -1 morningstar
rCold  . . .     Clarity  .     a - +0 robe
rNeg   . . .     SustAt   .     (no shield)
rPois  +         Gourm    .     (helmet restricted)
rElec  .         Spirit   .     (no cloak)
rCorr  .         Warding  .     (gloves unavailable)
rMut   .         Stasis   .     (boots unavailable)
MR     .....                    (no amulet)
Stlth  ++........               (no ring)
                                F - ring of poison resistance

@: very slightly contaminated, very slow, not resistant to hostile enchantments,
unstealthy
A: unfitting armour, tough skin 1
a: Bend Time, Renounce Religion


You were on level 6 of the Dungeon.
You worshipped Cheibriados.
Cheibriados was pleased with you.
You were not hungry.

You visited 2 branches of the dungeon, and saw 8 of its levels.

You collected 189 gold pieces.
You spent 58 gold pieces at shops.

Inventory:

Hand Weapons
 d - a +0 short sword
 q - a +0 flail
 r - a -2 executioner's axe
 t - a -1 morningstar (weapon)
 y - a +0 blowgun
 G - a +0 giant club
Missiles
 s - 4 javelins (quivered)
Armour
 a - a +0 robe (worn)
Jewellery
 F - a ring of poison resistance (left hand)
Wands
 g - a wand of digging (15)
Scrolls
 f - a scroll of remove curse
 o - a scroll of blinking {unknown}
 u - 2 scrolls of identify
 x - a scroll of magic mapping
 z - a scroll of noise
 A - 2 scrolls of immolation
 E - a scroll of enchant weapon {unknown}
Potions
 e - 2 potions of heal wounds
 h - a potion of poison {unknown}
 i - a potion of degeneration {unknown}
 k - 3 potions of agility {unknown}
 l - 3 potions of curing
 n - 2 potions of invisibility {unknown}
 p - a potion of cancellation {unknown}
 v - 2 potions of might {unknown}
 C - a potion of lignification {unknown}
 D - a potion of brilliance {unknown}
 H - a potion of flight {unknown}
Books
 b - a book of Flames

   Spells                             Type                      Level
   a - Flame Tongue                   Conjuration/Fire             1
   b - Throw Flame                    Conjuration/Fire             2
   c - Conjure Flame                  Conjuration/Fire             3
   d - Inner Flame                    Hexes/Fire                   3
   e - Sticky Flame                   Conjuration/Fire             4
   f - Fireball                       Conjuration/Fire             5
Miscellaneous
 m - a plain deck of summoning {drawn: 4}
Comestibles
 c - 4 bread rations
 j - 4 beef jerkies
 w - 2 meat rations
 B - 5 chunks of flesh


   Skills:
 + Level 5.8 Fighting
 * Level 8.0 Maces & Flails
 - Level 1.7 Dodging
 - Level 1.5 Stealth
 - Level 4.0 Spellcasting
 - Level 1.1 Conjurations
 - Level 2.5 Fire Magic
 + Level 0.9 Invocations


You had 7 spell levels left.
You knew the following spells:

 Your Spells              Type           Power        Failure   Level  Hunger
a - Flame Tongue          Conj/Fire      ##...        8%          1    None
b - Conjure Flame         Conj/Fire      ##......     17%         3    ###....
c - Sticky Flame          Conj/Fire      ##......     63%         4    ####...


Dungeon Overview and Level Annotations

Branches:
Dungeon (7/15)             Temple (1/1) D:4

Altars:
Ashenzari
Cheibriados
Dithmenos
Elyvilon
Nemelex Xobeh
Okawaru
Qazlal
Ru
Trog
Xom
The Shining One

Shops:
D:4 *

Annotations:
D:2 Terence
D:3 Ijyb


Innate Abilities, Weirdness & Mutations

You are too large for most types of armour.
You have tough skin (AC +1).


Message History

The flame tongue misses the black bear.
The black bear bites you. The black bear claws you.
* * * LOW HITPOINT WARNING * * *
The black bear claws you.
* * * LOW HITPOINT WARNING * * *
The black bear bites you.
* * * LOW HITPOINT WARNING * * *
The black bear claws you.
* * * LOW HITPOINT WARNING * * *
The black bear claws you.
* * * LOW HITPOINT WARNING * * *
Casting: Flame Tongue
Confirm with . or Enter, or press ? or * to list all spells.
Aiming: Flame Tongue
Press: ? - help, Shift-Dir - straight line, f/p - black bear
Aim: a black bear (almost dead, berserk, fast, unusually strong)
The flame tongue hits the black bear.
The black bear is almost dead.
The black bear bites you!
You die...

#. #......#...# #.
#..###.#...# ### #..# .#...#
#.#..###.#...#
##.#......#...# ######
###[.......##...###.....#
........................#
##......................##
#...........@5...........
#...........h......######
#.##.#.###.........# #......#
#.........#
##.....####.........#
.....................# .#
.###.#..#####........######.#
......####.########.....#.#
###.##......# #...(.#.###


You could see a black bear (berserk) and a crimson imp.

Vanquished Creatures
  A wyvern zombie (D:6)
  A giant frog (D:6)
  A scorpion (D:7)
  4 hounds
  An orc priest (D:4)
  2 orc wizards (D:5)
  A worker ant (D:5)
  An iguana (D:6)
  5 adders
  3 gnolls (D:6)
  2 shadow imps
  An adder zombie (D:5)
  2 giant geckos
  18 orcs
  5 giant cockroaches
  3 goblins
  3 hobgoblins
  3 jackals (D:1)
  10 kobolds
  2 ball pythons
  9 bats
  A giant gecko skeleton (D:4)
  A giant newt (D:5)
  4 quokkas
84 creatures vanquished.

Vanquished Creatures (collateral kills)
  An ice beast (D:7)
  An ogre (D:5)
  A centaur (D:7)
  2 scorpions (D:4)
  3 killer bees (D:7)
8 creatures vanquished.

Vanquished Creatures (others)
  3 fungi (D:4)
  A plant (D:5)
4 creatures vanquished.

Grand Total: 96 creatures vanquished

Notes
Turn   | Place    | Note
--------------------------------------------------------------
     0 | D:1      | 4thArraOfDagon the Ogre Fire Elementalist began the quest for the Orb.
     0 | D:1      | Reached XP level 1. HP: 16/16 MP: 3/3
   129 | D:2      | Found a stormy altar of Qazlal.
   143 | D:2      | Found a shadowy altar of Dithmenos.
   234 | D:2      | Noticed Ijyb
   267 | D:2      | You fall through a shaft for 2 floors!
   285 | D:3      | Found a faded altar to an unknown god.
   313 | D:3      | Reached skill level 1 in Conjurations
   313 | D:3      | Reached XP level 2. HP: 6/24 MP: 0/5
   513 | D:5      | Entered Level 5 of the Dungeon
   536 | D:5      | Noticed an ogre
   718 | D:6      | Reached XP level 3. HP: 20/32 MP: 5/7
   723 | D:6      | Learned a level 3 spell: Conjure Flame
   760 | D:6      | Noticed a giant frog
   762 | D:7      | Found a sparkling altar of Nemelex Xobeh.
   768 | D:7      | Reached skill level 1 in Fighting
   779 | D:7      | Noticed an ice beast
   786 | D:7      | Reached skill level 1 in Maces & Flails
   797 | D:7      | Reached skill level 3 in Spellcasting
   797 | D:7      | Reached XP level 4. HP: 27/42 MP: 4/8
   798 | D:7      | Killed an ice beast
   798 | D:7      | Reached XP level 5. HP: 30/50 MP: 4/10
   815 | D:7      | Noticed a centaur
   819 | D:7      | Killed a centaur
   822 | D:7      | Noticed a scorpion
   833 | D:7      | Killed a scorpion
   833 | D:7      | Reached skill level 4 in Maces & Flails
   883 | D:7      | Noticed a black bear
   959 | D:5      | Found an iron altar of Okawaru.
   982 | D:4      | Identified a scroll of acquirement
   988 | D:4      | ROTFL
  1227 | D:4      | Found a staircase to the Ecumenical Temple.
  1228 | D:4      | Noticed a scorpion
  1230 | D:4      | Noticed a scorpion
  1248 | D:4      | Killed a scorpion
  1248 | D:4      | Reached XP level 6. HP: 61/61 MP: 11/11
  1250 | D:4      | Killed a scorpion
  1261 | Temple   | Entered the Ecumenical Temple
  1350 | Temple   | Became a worshipper of Cheibriados the Contemplative
  1408 | Temple   | Learned a level 4 spell: Sticky Flame
  1420 | D:4      | Found Suejuv's Assorted Antiques.
  1427 | D:4      | Bought 2 fizzy sapphire potions for 37 gold pieces
  1445 | D:4      | Bought a scroll labeled CIAXORCHAMI for 21 gold pieces
  1494 | D:4      | Noticed a scorpion
  1570 | D:3      | Reached skill level 5 in Maces & Flails
  1579 | D:3      | Noticed an orc priest
  1582 | D:2      | Noticed Terence
  1706 | D:1      | Acquired Cheibriados's first power
  2156 | D:4      | Noticed a hound
  2165 | D:4      | Killed a hound
  2194 | D:4      | Noticed a hound
  2199 | D:4      | Killed a hound
  2246 | D:4      | Reached XP level 7. HP: 48/71 MP: 2/13
  2334 | D:5      | Reached skill level 6 in Maces & Flails
  2482 | D:5      | Reached skill level 5 in Fighting
  2606 | D:5      | Killed an ogre
  2606 | D:5      | Reached skill level 7 in Maces & Flails
  2670 | D:5      | Found a bloodstained altar of Trog.
  2734 | D:6      | Noticed a wyvern zombie
  2738 | D:6      | Killed a wyvern zombie
  2835 | D:6      | Killed a giant frog
  2842 | D:6      | Reached skill level 8 in Maces & Flails
  2842 | D:6      | Reached XP level 8. HP: 65/83 MP: 6/14
  2917 | D:6      | Slain by a black bear

Vault maps used:
D:1:      roderic_dead_forest, grunt_decor_one_mirror
D:2:      gammafunk_temple_overflow_pools, lemuel_round_altar,
          nicolae_overflow_crystal_walls, hangedman_feature_mirror,
          grunt_qazlal_sundering, uniq_terence, uniq_iyjb
D:3:      ecumenical_altar_2
D:4:      old_forge, temple_fountains, serial_shops, nicolae_shop_trees,
          first_bread
D:5:      corexii_shack_village, bloody_trog, okawaru_gym_becter
D:6:      lemuel_zombie_altar_kikubaaqudgha, hangedman_decor_clover_reticule,
          uniq_eustachio, uniq_menkaure
D:7:      serial_shops, nicolae_shop_window_shopping, grunt_livestock,
          nemelex_deck, uniq_duvessa
Temple:   dpeg_five_rooms_temple_12

Action                   |  1- 3 |  4- 6 |  7- 9 || total
-------------------------+-------+-------+-------++-------
Melee: Short sword       |    13 |       |       ||    13
       Flail             |     6 |     8 |       ||    14
       Morningstar       |       |    48 |    52 ||   100
Throw: Throwing net      |       |     1 |     1 ||     2
       Javelin           |       |       |     2 ||     2
 Cast: Flame Tongue      |    39 |    57 |    59 ||   155
       Conjure Flame     |       |       |     1 ||     1
Invok: Bend Time         |       |       |     1 ||     1
Evoke: Deck              |     2 |     1 |     1 ||     4
  Use: Scroll            |     6 |     4 |       ||    10
       Potion            |       |       |     2 ||     2
 Stab: Sleeping          |     2 |     1 |       ||     3
       Distracted        |       |     1 |       ||     1
  Eat: Chunk             |       |     3 |     1 ||     4
       Beef jerky        |       |     1 |       ||     1
